 Dungeon Sprint DCSS version 0.22.1-2-g9c5b331 (webtiles) character file.

11 diana the Ducker (level 2, -1/23 HPs)
             Began as a Demonspawn Gladiator on Dec 12, 2018.
             Was a Follower of Makhleb.
             Slain by an adder (4 damage)
             ... while paralysed by a floating eye
             ... in the Dungeon (Sprint VII: "The Pits").
             The game lasted 00:00:38 (237 turns).

diana the Ducker (Demonspawn Gladiator)              Turns: 237, Time: 00:00:39

Health: -1/23      AC:  4    Str: 14    XL:     2   Next: 17%
Magic:  2/2        EV: -1    Int:  9    God:    Makhleb [*.....]
Gold:   0          SH:  0    Dex: 14    Spells: 1/1 levels left

rFire    . . .     SeeInvis .   l - +2 hand axe
rCold    . . .     Gourm    .   (no shield)
rNeg     . . .     Faith    .   b - +0 leather armour
rPois    .         Spirit   .   c - +0 helmet
rElec    .         Reflect  .   (no cloak)
rCorr    .         Harm     .   (no gloves)
MR       .....     NoTele   +   (no boots)
Stlth    +.........             (no amulet)
HPRegen  0.07/turn              (no ring)
MPRegen  0.08/turn              (no ring)

@: paralysed, constricted
A: claws 1
a: Renounce Religion


You were in the Dungeon.
You worshipped Makhleb.
Makhleb was aware of your devotion.
You were not hungry.

You visited 1 branch

Inventory:

Hand Weapons
 a - a +0 war axe
 l - a +2 hand axe (weapon)
Missiles
 d - 3 throwing nets (quivered)
Armour
 b - a +0 leather armour (worn)
 c - a +0 helmet (worn)
Scrolls
 k - a scroll of blinking
Potions
 e - a potion of curing
 g - a potion of heal wounds
 h - a potion of haste
 i - 2 potions of magic
 j - a potion of berserk rage
Comestibles
 f - a ration


   Skills:
 + Level 2.4 Fighting
 + Level 3.6 Axes
 + Level 2.1 Throwing
 + Level 3.7 Dodging


You had one spell level left.
You didn't know any spells.
Your spell library was empty.

Dungeon Overview and Level Annotations

Branches:
Dungeon (1/1)

Altars:
Ashenzari
Cheibriados
Dithmenos
Elyvilon
Fedhas
Gozag
Hepliaklqana
Kikubaaqudgha
Makhleb
Nemelex Xobeh
Okawaru
Qazlal
Ru
Sif Muna
Trog
Uskayaw
Vehumet
Wu Jian
Xom
Yredelemnul
Zin
The Shining One
Beogh
Jiyva
Lugonu


Innate Abilities, Weirdness & Mutations

You have sharp fingernails.


Message History

You closely miss the ball python. You hit the ufetubus.
The ufetubus hits you but does no damage.
The ufetubus closely misses you. The ufetubus hits you. x2
The ball python barely misses you. The ball python grabs you.
The ball python constricts you.
You completely miss the ball python. You barely miss the ufetubus.
You closely miss the adder. The ufetubus hits you.
The ufetubus closely misses you. The adder closely misses you.
The ball python misses you. The ball python constricts you.
The floating eye gazes piercingly through you!
You suddenly lose the ability to move!
The ufetubus hits you.
The ufetubus hits you but does no damage.
The adder bites you. The ball python bites you.
* * * LOW HITPOINT WARNING * * *
The ball python constricts you. The ufetubus hits you.
* * * LOW HITPOINT WARNING * * *
The ufetubus hits you but does no damage.
The floating eye's stare focuses on you.
The adder bites you.
You die...

+)))'.##......#..#
##########.##..........
#...........'...........
+#####'#####......#..#.
#†....##...........
#####'#####'#####+
#...))##.......#
#.....##.......#
###@####.......#
#.SS5.##...<...#
.....G..##.......#
#........##.......#
###########.......#
#########


You could see a floating eye, an adder, an ufetubus and a ball python.

Vanquished Creatures
  An ufetubus (D)
  2 jackals (D)
  A quokka (D)
  2 kobolds (D)
6 creatures vanquished.

Notes
Turn   | Place    | Note
-------+----------+-------------------------------------------
     0 | D        | diana the Demonspawn Gladiator began the quest for the Orb.
     0 | D        | Reached XP level 1. HP: 16/16 MP: 1/1
    26 | D        | Found a glowing golden altar of the Shining One.
    26 | D        | Found a glowing silver altar of Zin.
    26 | D        | Found a basalt altar of Yredelemnul.
    26 | D        | Found a shimmering altar of Xom.
    26 | D        | Found an ornate altar of the Wu Jian Council.
    26 | D        | Found a bloodstained altar of Trog.
    26 | D        | Found a deep blue altar of Sif Muna.
    26 | D        | Found a sacrificial altar of Ru.
    26 | D        | Found a stormy altar of Qazlal.
    26 | D        | Found an iron altar of Okawaru.
    26 | D        | Found a sparkling altar of Nemelex Xobeh.
    26 | D        | Found a burning altar of Makhleb.
    26 | D        | Found a viscous altar of Jiyva.
    26 | D        | Found a hazy altar of Hepliaklqana.
    26 | D        | Found an opulent altar of Gozag.
    26 | D        | Found a blossoming altar of Fedhas.
    26 | D        | Found a white marble altar of Elyvilon.
    26 | D        | Found a shadowy altar of Dithmenos.
    26 | D        | Found a snail-covered altar of Cheibriados.
    28 | D        | Found a radiant altar of Vehumet.
    28 | D        | Found a corrupted altar of Lugonu.
    28 | D        | Found a roughly hewn altar of Beogh.
    29 | D        | Found a hide-covered altar of Uskayaw.
    29 | D        | Found an ancient bone altar of Kikubaaqudgha.
    29 | D        | Found a shattered altar of Ashenzari.
    37 | D        | Became a worshipper of Makhleb the Destroyer
    54 | D        | Gained mutation: You have sharp fingernails. [demonic
                  | ancestry]
    54 | D        | Reached XP level 2. HP: 15/23 MP: 2/2
    58 | D        | Reached * piety under Makhleb
   233 | D        | Noticed a floating eye
   236 | D        | Paralysed by a floating eye for 2 turns
   237 | D        | Slain by an adder

Skill      XL: |  1 |
---------------+----+-----
Axes           | 3 |  3.6
Throwing       | 2 |  2.1
Dodging        | 3 |  3.7
Fighting       | |  2.4

Action                   || total
-------------------------++-------
Melee: Hand axe          ||    17
       War axe           ||     1
Armor: Leather armour    ||     6
Dodge: Dodged            ||    15
